 Dungeon Crawl Stone Soup version 0.24-a0-139-geb6712d (webtiles) character file.

Game seed: 0

2688 MatthieuS the Magician (level 9, -9/55 HPs)
             Began as a Deep Elf Wanderer on Mar 3, 2019.
             Was a Believer of Vehumet.
             Mangled by a slime creature (15 damage)
             ... on level 6 of the Dungeon.
             The game lasted 00:27:43 (8484 turns).

MatthieuS the Magician (Deep Elf Wanderer)          Turns: 8484, Time: 00:27:43

Health: -9/55      AC:  9    Str: 16    XL:     9   Next: 38%
Magic:  28/31      EV: 14    Int: 21    God:    Vehumet [**....]
Gold:   345        SH:  0    Dex: 12    Spells: 20/22 levels left

rFire    . . .     SeeInvis +   w - +0 hand crossbow
rCold    . . .     Gourm    .   (no shield)
rNeg     . . .     Faith    .   H - +1 robe {MR+}
rPois    .         Spirit   .   y - +2 helmet {SInv}
rElec    .         Reflect  .   (no cloak)
rCorr    .         Harm     .   (no gloves)
MR       +....                  j - +2 pair of boots
Stlth    +++.......             (no amulet)
HPRegen  0.18/turn              z - ring of see invisible
MPRegen  0.22/turn              J - ring of magical power

@: mighty
A: no striking features
a: Renounce Religion


You were on level 6 of the Dungeon.
You worshipped Vehumet.
Vehumet was pleased with you.
You were not hungry.

You visited 2 branches of the dungeon, and saw 8 of its levels.

You collected 345 gold pieces.

Inventory:

Hand Weapons
 a - a +1 dagger of venom
   (You took it off a goblin on level 2 of the Dungeon)
 e - a +0 blowgun
   (You took it off a kobold on level 6 of the Dungeon)
 w - a +0 hand crossbow (weapon)
Missiles
 d - 87 bolts (quivered)
 l - a throwing net {!f}
 m - 70 poisoned needles
 C - 6 curare-tipped needles {!f}
Armour
 b - the +0 ring mail "Icoiz" {rElec Regen+ Str+4}
   (You found it on level 5 of the Dungeon)

   It affects your strength (+4).
   It insulates you from electricity.
   It increases your rate of regeneration.
 j - a +2 pair of boots (worn)
   (You found it on level 1 of the Dungeon)
 y - a +2 helmet of see invisible (worn)
   (You took it off Robin on level 2 of the Dungeon)
 H - a +1 robe of magic resistance (worn)
   (You took it off an orc wizard on level 6 of the Dungeon)
Magical Staves
 k - an uncursed staff of fire
   (You found it on level 7 of the Dungeon)
Jewellery
 z - a ring of see invisible (left hand)
   (You found it on level 5 of the Dungeon)
 J - a ring of magical power (right hand)
   (You found it on level 5 of the Dungeon)
Wands
 f - a wand of enslavement (8)
   (You found it on level 7 of the Dungeon)
 t - a wand of flame (10)
   (You found it on level 7 of the Dungeon)
Scrolls
 i - a scroll of teleportation {@r4}
 n - 2 scrolls of fog
 o - a scroll of identify {@r1}
 r - 2 scrolls of remove curse {@r2}
 I - a scroll of vulnerability {!r}
Potions
 g - a potion of mutation {unknown}
 h - 2 potions of flight
 q - a potion of agility
 s - a potion of degeneration {!q}
 x - 2 potions of haste {@q3}
 A - 4 potions of brilliance
 B - 2 potions of magic
Comestibles
 M - 8 rations


   Skills:
 - Level 6.1 Fighting
 - Level 3.2 Short Blades
 - Level 1.5 Armour
 - Level 5.5 Dodging
 - Level 7.3 Stealth
 - Level 1.0 Unarmed Combat
 + Level 7.4 Spellcasting
 * Level 6.0 Conjurations
 * Level 2.4 Ice Magic


You had 20 spell levels left.
You knew the following spells:

 Your Spells              Type           Power        Failure   Level  Hunger
a - Magic Dart            Conj           ####         1%          1    None
b - Freeze                Ice            ###.         3%          1    None
Your spell library was empty.

Dungeon Overview and Level Annotations

Branches:
Dungeon (7/15)             Temple (1/1) D:5

Altars:
Cheibriados
Elyvilon
Hepliaklqana
Kikubaaqudgha
Okawaru
Qazlal
Ru
Vehumet
The Shining One

Shops:
D:4 [

Annotations:
D:2 1 runed translucent door, Crazy Yiuf
D:7 Harold


Message History

You freeze the ooze! The ooze closely misses you.
Aim: an ooze (severely wounded)
You freeze the ooze.
You kill the ooze!
Vehumet accepts your kill.
You feel your power returning. The slime creature barely misses you.
There is an open door here.
Aim: a slime creature The magic dart hits the slime creature but does no damage.
The slime creature hits you!!
* * * LOW HITPOINT WARNING * * *
There is an escape hatch in the ceiling here.
Really go through this one-way escape hatch?
The slime creature hits you.
* * * LOW HITPOINT WARNING * * *
A mysterious force pulls you upwards. The hatch slams shut behind you.
Unknown command.
The slime creature hits you!
* * * LOW HITPOINT WARNING * * *
Blink to where?
You are very lightly contaminated with residual magic.
As you read the scroll of blinking, it crumbles to dust.
Wield which item (- for none, * to show all)? (? for menu, Esc to quit)
w - a +0 hand crossbow (weapon)
You are too injured to fight recklessly!
You are too injured to fight recklessly!
Firing (i - inventory. (/) - cycle)
d - 91 bolts (quivered)
Aim: a slime creature You shoot a bolt.
The bolt hits the slime creature!
Firing (i - inventory. (/) - cycle)
d - 90 bolts (quivered)
Aim: a slime creature (lightly wounded)
You shoot a bolt. The bolt hits the slime creature.
Firing (i - inventory. (/) - cycle)
d - 89 bolts (quivered)
Aim: a slime creature (lightly wounded)
You shoot a bolt. The bolt hits the slime creature.
Firing (i - inventory. (/) - cycle)
d - 88 bolts (quivered)
Aim: a slime creature (lightly wounded)
You shoot a bolt.
The bolt hits the slime creature but does no damage.
The slime creature misses you. x2
Okay, then.
Okay, then.
It was a potion of cancellation.
You feel magically purged.
Your magical contamination has completely faded away.
The slime creature barely misses you.
It was a potion of might.
You feel very mighty all of a sudden. The slime creature hits you!
You die...

#.#.# #.#♣..# ##.#[#####......
#.........#.....
#...............
#####...............
####...#.[.............
#......'..#######......
#.##...#### ##..... #....J@#
##### #..... #......# #...#
#..... #......# #...# #.....
#########......###...#####.....
#....(.((........'...+........#
#.################...##########
#.# #...##### # #.# #...# # #.#
########...####### #


You could see a slime creature.

Vanquished Creatures
  Joseph (D:7)
  A spriggan (D:7)
  A water moccasin (D:6)
  Edmund (D:4)
  2 orc warriors (D:7)
  An ice beast (D:5)
  An ogre (D:7)
  A phantom (D:6)
  A big kobold (D:6)
  2 bullfrogs
  2 scorpions
  4 wights (D:6)
  A bullfrog zombie (D:5)
  A quasit (D:5)
  2 crimson imps
  A hound (D:6)
  4 jellies (D:7)
  4 orc priests
  A centaur skeleton (D:5)
  Jessica (D:2)
  Natasha (thrice) (D:4)
  An iguana (D:5)
  4 orc wizards
  3 worker ants
  A hound zombie (D:5)
  A worker ant zombie (D:6)
  Robin (D:2)
  4 gnolls (D:6)
  8 adders
  A shadow imp (D:5)
  10 oozes
  6 worms
  A dart slug (D:2)
  8 leopard geckos
  25 orcs
  2 ball pythons
  11 bats
  3 giant cockroaches
  15 goblins
  10 hobgoblins
  4 jackals (D:2)
  28 kobolds
  4 quokkas
  4 frilled lizards
  6 rats
  5 plants (D:6)
202 creatures vanquished.

Vanquished Creatures (collateral kills)
  A big kobold (D:7)
  An orc wizard (D:7)
  2 orcs (D:7)
  2 kobolds (D:7)
6 creatures vanquished.

Vanquished Creatures (others)
  7 fungi (D:7)
7 creatures vanquished.

Grand Total: 215 creatures vanquished

Notes
Turn   | Place    | Note
-------+----------+-------------------------------------------
     0 | D:1      | MatthieuS the Deep Elf Wanderer began the quest for the
                  | Orb.
     0 | D:1      | MatthieuS set off with the following items: a +2 dagger, a
                  | potion of berserk rage, a +0 hand crossbow, 26 bolts, a
                  | ration, a +0 robe, a potion of lignification {!q}
     0 | D:1      | Reached XP level 1. HP: 15/15 MP: 3/3
   106 | D:1      | Reached skill level 1 in Dodging
   137 | D:1      | Reached XP level 2. HP: 19/20 MP: 4/4
   861 | D:2      | Reached XP level 3. HP: 22/24 MP: 5/5
  1113 | D:2      | Noticed Jessica
  1114 | D:2      | Killed Jessica
  1114 | D:2      | Reached XP level 4. HP: 29/30 MP: 6/6
  1365 | D:2      | Noticed Robin
  1370 | D:2      | Killed Robin
  1373 | D:2      | Reached skill level 1 in Spellcasting
  1464 | D:2      | Found a runed translucent door.
  1465 | D:2      | Noticed Crazy Yiuf
  1651 | D:3      | Reached XP level 5. HP: 26/34 MP: 8/8
  2523 | D:3      | Found a stormy altar of Qazlal.
  2615 | D:4      | Found Jiwkupre's Armour Shoppe.
  2699 | D:4      | Noticed Natasha
  2708 | D:4      | Killed Natasha
  2708 | D:4      | Reached skill level 5 in Fighting
  2708 | D:4      | Reached XP level 6. HP: 27/40 MP: 11/11
  2821 | D:4      | Reached skill level 5 in Stealth
  3250 | D:4      | Reached skill level 1 in Short Blades
  3591 | D:4      | Noticed Natasha
  3605 | D:4      | Killed Natasha
  3709 | D:4      | Noticed Edmund
  3726 | D:4      | Killed Edmund
  3726 | D:4      | Reached XP level 7. HP: 22/44 MP: 12/14
  3933 | D:5      | Entered Level 5 of the Dungeon
  4526 | D:5      | Got a faintly glowing ring mail
  4537 | D:5      | Identified the cursed +0 ring mail "Icoiz" {rElec Regen+
                  | Str+4} (You found it on level 5 of the Dungeon)
  4627 | D:5      | Found a staircase to the Ecumenical Temple.
  4678 | D:4      | Noticed Natasha
  4688 | D:4      | Killed Natasha
  4813 | Temple   | Entered the Ecumenical Temple
  4885 | Temple   | Became a worshipper of Vehumet
  4912 | D:5      | Found a snail-covered altar of Cheibriados.
  5285 | D:6      | Reached skill level 5 in Dodging
  5324 | D:6      | Reached XP level 8. HP: 30/50 MP: 17/17
  5492 | D:6      | Reached skill level 5 in Spellcasting
  5701 | D:6      | Reached * piety under Vehumet
  5701 | D:6      | Offered knowledge of Magic Dart by Vehumet.
  5831 | D:6      | Learned a level 1 spell: Magic Dart
  5968 | D:6      | Reached skill level 1 in Conjurations
  6132 | D:6      | Found an ancient bone altar of Kikubaaqudgha.
  7285 | D:7      | Noticed Joseph
  7341 | D:7      | Killed Joseph
  7341 | D:7      | Reached skill level 5 in Conjurations
  7341 | D:7      | Reached XP level 9. HP: 20/55 MP: 21/21
  7592 | D:7      | Found an iron altar of Okawaru.
  7600 | D:7      | Reached ** piety under Vehumet
  7600 | D:7      | Offered knowledge of Freeze by Vehumet.
  7603 | D:7      | Learned a level 1 spell: Freeze
  7671 | D:7      | Reached skill level 1 in Ice Magic
  7902 | D:7      | Noticed Harold
  8484 | D:6      | Mangled by a slime creature

Levels and vault maps discovered:
D:1:      matt_arrival_grand_opening, layout_loops_cross
D:2:      layout_loops_ring, minmay_tree_intersection, uniq_jessica,
          uniq_crazy_yiuf_cottage, uniq_robin
D:3:      layout_rooms, nicolae_qazlal_eye_of_the_storm
D:4:      layout_basic, serial_shops, nicolae_shop_waterfront, uniq_edmund,
          uniq_natasha
D:5:      layout_gridville, minmay_temple_entry_stoned_glass, first_ration,
          basic_altar
D:6:      kennysheep_kobold_camp, layout_basic, kiku_gazebo_pond_becter,
          kennysheep_decorative_pillar
D:7:      lemuel_slime, layout_basic, the_bakery, minmay_misc_feat_iff,
          kennysheep_cross_bottleneck, kennysheep_okawaru_gauntlet, uniq_joseph,
          uniq_harold
Temple:   roderic_octagonal_lattice_temple

Skill      XL: |  1  2  3  4  5  6  7  8  9 |
---------------+----------------------------+-----
Dodging        | 1 2 3 4 5 |  5.5
Stealth        | 3 4 5 6 7 |  7.3
Spellcasting   | 1 2 3 4 7 |  7.4
Fighting       | 5 6 |  6.1
Short Blades   | 1 2 3 |  3.2
Conjurations   | 5 6 |  6.0
Ice Magic      | 2 |  2.4
Armour         | |  1.5
Unarmed Combat | |  1.0

Action                   |  1- 3 |  4- 6 |  7- 9 || total
-------------------------+-------+-------+-------++-------
Melee: Dagger            |    23 |   229 |   475 ||   727
       Punch             |       |       |     6 ||     6
 Fire: Hand crossbow     |    74 |    31 |    70 ||   175
       Blowgun           |       |       |    64 ||    64
Throw: Javelin           |     2 |       |       ||     2
 Cast: Magic Dart        |       |       |    18 ||    18
       Freeze            |       |       |    47 ||    47
Evoke: Wand              |       |       |     2 ||     2
  Use: Potion            |     2 |       |    10 ||    12
       Scroll            |       |     4 |    17 ||    21
 Stab: Sleeping          |     2 |     5 |     2 ||     9
       Invisible         |       |       |     2 ||     2
  Eat: Chunk             |     1 |     5 |     6 ||    12
       Ration            |       |     1 |     3 ||     4
Armor: Leather armour    |    22 |    42 |       ||    64
       Robe              |     4 |       |     8 ||    12
       Skin              |     2 |       |    28 ||    30
       Ring mail         |       |    34 |   172 ||   206
       Chain mail        |       |       |    23 ||    23
Dodge: Dodged            |    53 |   124 |   356 ||   533

Table legend:
 A = Non-vault XP
 B = Vault XP
 C = Vault XP percentage of total XP
 D = Non-vault monster count
 E = Vault monster count
 F = Vault count percentage of total count
                 A         B        C        D         E       F
            +---------+---------+-------+---------+---------+-------
      Total |    2577 |    1263 |  32.9 |     158 |      45 |  22.2
            +---------+---------+-------+---------+---------+-------
        D:1 |      18 |       0 |   0.0 |      11 |       0 |   0.0
        D:2 |      95 |      64 |  40.3 |      34 |       8 |  19.0
        D:3 |     148 |       0 |   0.0 |      36 |       0 |   0.0
        D:4 |     285 |     192 |  40.3 |      16 |       2 |  11.1
        D:5 |     433 |       0 |   0.0 |      13 |       0 |   0.0
        D:6 |    1052 |     125 |  10.6 |      34 |      21 |  38.2
        D:7 |     546 |     882 |  61.8 |      14 |      14 |  50.0
            +---------+---------+-------+---------+---------+-------
